 Dungeon Crawl Stone Soup version 0.23-a0-171-g5ae17c6 (webtiles) character file.

1308 mopl the Insei (level 8, -3/54 HPs)
             Began as a Barachi Transmuter on Sept 14, 2018.
             Slain by a wyvern zombie (15 damage)
             ... on level 6 of the Dungeon.
             The game lasted 00:10:46 (6345 turns).

mopl the Insei (Barachi Transmuter)                 Turns: 6345, Time: 00:10:47

Health: -3/54      AC:  4    Str: 12    XL:     8   Next: 58%
Magic:  12/14      EV: 13    Int: 15    God:
Gold:   219        SH:  0    Dex: 13    Spells: 5/15 levels left

rFire    . . .     SeeInvis .     - Unarmed
rCold    . . .     Gourm    .   (no shield)
rNeg     . . .     Faith    .   b - +0 robe
rPois    .         Spirit   .   (no helmet)
rElec    .         Reflect  .   q - +0 cloak
rCorr    .         Harm     .   p - +0 pair of gloves
MR       .....                  (no boots)
Stlth    ..........             (no amulet)
HPRegen  0.18/turn              u - ring of attention (curse)
MPRegen  0.14/turn              (no ring)

@: can't hop, heavily drained, slow
A: +LOS, swims, slowness 1, strong legs 1
a: Hop


You were on level 6 of the Dungeon.
You were not hungry.

You visited 1 branch of the dungeon, and saw 6 of its levels.

You collected 219 gold pieces.

Inventory:

Missiles
 a - 139 arrows
 e - 128 stones
 f - 32 poisoned needles
 i - 5 needles of sleeping
 A - 2 exploding tomahawks (quivered)
 C - 2 throwing nets
Armour
 b - a +0 robe (worn)
 p - a +0 pair of gloves (worn)
 q - a +0 cloak (worn)
 s - a +1 scale mail of poison resistance
Jewellery
 n - an uncursed ring of ice
 u - a cursed ring of attention (left hand)
Scrolls
 c - 3 scrolls of identify
 j - a scroll of amnesia {unknown}
 k - 5 scrolls of magic mapping {unknown}
 l - 3 scrolls of remove curse {unknown}
 m - a scroll of enchant armour {unknown}
 r - a scroll of teleportation {unknown}
 x - a scroll of enchant weapon {unknown}
 y - a scroll of immolation {unknown}
Potions
 g - 3 potions of agility
 h - 2 potions of curing
 t - a potion of mutation {!q}
 v - a potion of resistance
 z - a potion of might
 B - a potion of cancellation
 D - a potion of flight
Comestibles
 d - 7 rations


   Skills:
 - Level 1.2(0.0) Fighting
 + Level 4.3(2.8) Dodging
 * Level 7.4(5.8) Unarmed Combat
 - Level 4.0(2.5) Spellcasting
 + Level 5.8(4.2) Transmutations
 - Level 4.0(2.5) Ice Magic
 - Level 2.0(0.6) Poison Magic


You had 5 spell levels left.
You knew the following spells:

 Your Spells              Type           Power        Failure   Level  Hunger
a - Beastly Appendage     Tmut           ##....       3%          1    #......
b - Spider Form           Tmut/Pois      #.........   24%         3    ###....
d - Ice Form              Ice/Tmut       ##......     45%         4    #####..
w - Sticks to Snakes      Tmut           ##......     5%          2    ###....

Your spell library contained the following spells:

 Spells                   Type           Power        Failure   Level  Hunger
 Blade Hands              Tmut           ##........   71%         5    ######.


Dungeon Overview and Level Annotations

Branches:
Dungeon (6/15)
 Temple: D:4-7

Altars:
Dithmenos
Ru

Shops:
D:6 [


Innate Abilities, Weirdness & Mutations

Shadows flee at your approach. (+LOS)
You can swim through water.
You cover ground slowly.
You can hop short distances.


Message History

Unknown command.
Hop to where?
Press: ? - help, Dir - move target cursor Boing!
Your ball python barely misses the wyvern zombie.
The wyvern zombie barely misses you.
You aren't carrying any items that you can evoke.
Unknown command.
You feel much better.
Your ball python bites the wyvern zombie but does no damage.
The wyvern zombie bites you!
You hit the wyvern zombie.
The wyvern zombie is almost destroyed.
The wyvern zombie bites you!
* * * LOW HITPOINT WARNING * * *
Your ball python bites the wyvern zombie but does no damage.
You hit the wyvern zombie but do no damage.
The wyvern zombie is almost destroyed.
The wyvern zombie bites you!
You die...

..............>........#
##############.#.#.....###
.................#
#####...#####.#.# .
#............#.# #
#.###).####### # #.#....#
#.#....# #.#..Z@# ..#<.S.#
######.# #..# #.... ......
......# ...>..# .......


You could see a wyvern zombie and a friendly ball python.

Vanquished Creatures
  2 sky beasts
  2 ogres (D:4)
  A centaur (D:6)
  4 wights
  3 crimson imps (D:5)
  A hound (D:6)
  Crazy Yiuf (D:2)
  2 orc priests
  4 orc wizards
  2 worker ants (D:4)
  An iguana (D:4)
  A hound zombie (D:6)
  A hound skeleton (D:4)
  8 adders
  8 gnolls
  2 oozes
  An adder skeleton (D:4)
  4 worms
  A dart slug (D:2)
  4 leopard geckos
  13 orcs
  2 ball pythons
  2 giant cockroaches (D:1)
  7 goblins
  6 hobgoblins
  5 jackals
  4 quokkas
  7 bats
  5 frilled lizards
  9 kobolds
  5 rats
118 creatures vanquished.

Vanquished Creatures (collateral kills)
  2 adders
2 creatures vanquished.

Grand Total: 120 creatures vanquished

Notes
Turn   | Place    | Note
-------+----------+-------------------------------------------
     0 | D:1      | mopl the Barachi Transmuter began the quest for the Orb.
     0 | D:1      | Reached XP level 1. HP: 15/15 MP: 3/3
   196 | D:1      | Reached XP level 2. HP: 15/21 MP: 3/5
   200 | D:1      | Learned a level 2 spell: Sticks to Snakes
   730 | D:1      | Reached XP level 3. HP: 13/26 MP: 4/6
   735 | D:1      | Learned a level 3 spell: Spider Form
  1185 | D:2      | Reached skill level 3 in Transmutations
  1637 | D:2      | Reached skill level 4 in Unarmed Combat
  1637 | D:2      | Reached XP level 4. HP: 27/32 MP: 8/8
  1670 | D:2      | Found a shadowy altar of Dithmenos.
  1700 | D:2      | Reached skill level 1 in Poison Magic
  1736 | D:2      | Reached skill level 3 in Spellcasting
  1927 | D:2      | Found a runed door.
  2119 | D:2      | Noticed Crazy Yiuf
  2137 | D:2      | Killed Crazy Yiuf
  2593 | D:3      | Reached XP level 5. HP: 18/37 MP: 9/9
  2733 | D:3      | Reached skill level 2 in Poison Magic
  3167 | D:3      | Learned a level 4 spell: Ice Form
  3323 | D:3      | Reached skill level 4 in Transmutations
  3323 | D:3      | Reached XP level 6. HP: 39/43 MP: 7/11
  3813 | D:4      | Reached skill level 1 in Ice Magic
  3971 | D:4      | Reached skill level 5 in Unarmed Combat
  4366 | D:4      | Reached skill level 4 in Spellcasting
  4470 | D:4      | Reached skill level 2 in Ice Magic
  4470 | D:4      | Reached XP level 7. HP: 48/48 MP: 10/13
  4670 | D:5      | Entered Level 5 of the Dungeon
  4808 | D:5      | Reached skill level 3 in Dodging
  4819 | D:5      | Found a sacrificial altar of Ru.
  4866 | D:5      | Reached skill level 6 in Unarmed Combat
  4905 | D:5      | Reached skill level 3 in Ice Magic
  5335 | D:6      | Reached skill level 5 in Transmutations
  5407 | D:6      | Reached XP level 8. HP: 11/54 MP: 11/14
  5876 | D:6      | Reached skill level 7 in Unarmed Combat
  5884 | D:6      | Reached skill level 4 in Dodging
  5943 | D:6      | Reached skill level 4 in Ice Magic
  5990 | D:6      | Found Vunos's Armour Shoppe.
  6059 | D:6      | HP: 2/54 [wyvern zombie (11)]
  6345 | D:6      | Slain by a wyvern zombie

Vault maps used:
D:1:      dpeg_arrival_boxorama
D:2:      nicolae_dithmenos_through_a_glass_darkly, uniq_crazy_yiuf_cottage
D:3:      kennysheep_generic_room_6
D:4:      first_ration, lemuel_old_faithful
D:5:      kennysheep_mini_moat, hangedman_decor_push
D:6:      nicolae_overflow_crystal_walls, minmay_temple_entry_purple_smoke,
          serial_shops, shop, nicolae_ru_great_annihilating_truth

Skill      XL: |  1  2  3  4  5  6  7  8 |
---------------+-------------------------+-----
Transmutations | 3 4 5 |  5.8
Unarmed Combat | 4 5 6 7 |  7.4
Poison Magic   | 1 2 |  2.0
Spellcasting   | 3 4 |  4.0
Ice Magic      | 2 3 4 |  4.0
Dodging        | 3 4 |  4.3
Fighting       | |  1.2

Action                   |  1- 3 |  4- 6 |  7- 9 || total
-------------------------+-------+-------+-------++-------
Melee: Unarmed           |   121 |   185 |   181 ||   487
       Headbutt          |     8 |     1 |     1 ||    10
       Kick              |     4 |     1 |       ||     5
       Punch             |     2 |     1 |     2 ||     5
Throw: Stone             |       |     2 |     1 ||     3
       Tomahawk          |       |       |     1 ||     1
 Cast: Beastly Appendage |    14 |     5 |     2 ||    21
       Spider Form       |     2 |    18 |    10 ||    30
       Sticks to Snakes  |     2 |     2 |     1 ||     5
       Ice Form          |       |       |     2 ||     2
 Abil: End Transformatio |       |     1 |     3 ||     4
       Hop               |       |     1 |     2 ||     3
  Use: Scroll            |       |     6 |     3 ||     9
       Potion            |       |       |     2 ||     2
 Stab: Sleeping          |       |     1 |       ||     1
  Eat: Chunk             |     4 |     8 |     8 ||    20
       Ration            |       |     1 |       ||     1
Armor: Robe              |    21 |    26 |    11 ||    58
       Skin              |       |     1 |     4 ||     5
Dodge: Dodged            |    84 |   138 |   125 ||   347

Table legend:
 A = Non-vault XP
 B = Vault XP
 C = Vault XP percentage of total XP
 D = Non-vault monster count
 E = Vault monster count
 F = Vault count percentage of total count
                 A         B        C        D         E       F
            +---------+---------+-------+---------+---------+-------
      Total |    1832 |      37 |   2.0 |     119 |       1 |   0.8
            +---------+---------+-------+---------+---------+-------
        D:1 |      34 |       0 |   0.0 |      17 |       0 |   0.0
        D:2 |      73 |      37 |  33.6 |      23 |       1 |   4.2
        D:3 |     213 |       0 |   0.0 |      26 |       0 |   0.0
        D:4 |     415 |       0 |   0.0 |      18 |       0 |   0.0
        D:5 |     413 |       0 |   0.0 |      14 |       0 |   0.0
        D:6 |     684 |       0 |   0.0 |      21 |       0 |   0.0
            +---------+---------+-------+---------+---------+-------
